 Dungeon Crawl Stone Soup version 0.30-a0-165-g1891117ce2 (webtiles) character file.

Game seed: 17319170351398457765

755 qw the Chopper (level 7, -7/44 HPs)
             Began as a Gargoyle Fighter on Sept 28, 2022.
             Mangled by an ogre
             ... wielding a +0 giant club
              (20 damage)
             ... on level 5 of the Dungeon.
             The game lasted 00:01:51 (5027 turns).

qw the Chopper (Gargoyle Fighter)                   Turns: 5027, Time: 00:01:51

Health: -7/44      AC: 19    Str: 19 (21) XL:     7   Next: 79%
Magic:  7/7        EV:  7    Int:  6 (9)  God:
Gold:   222        SH:  4    Dex:  8 (9)  Spells: 6/6 levels left

rFire   . . .      SeeInvis .    Y - +1 war axe
rCold   . . .      Faith    .    c - +0 buckler
rNeg    + + .      Spirit   .    f - +0 chain mail
rPois   inf        Reflect  .    m - +2 helmet
rElec   +          Harm     .    b - +0 cloak
rCorr   .          Rampage  +    (no gloves)
Will    .....      NoCast   +    e - +0 pair of boots
Stlth   ..........               q - amulet "Imumpuum" {Acrobat -Cast Rampage rN+}
HPRegen 0.14/turn                (no ring)
MPRegen 0.10/turn                (no ring)

@: no status effects
A: sickness immunity, AC +4, negative energy resistance 1, electricity
resistance, torment resistance 1, petrification resistance
a: no special abilities


You were on level 5 of the Dungeon.
You visited 1 branch of the dungeon, and saw 7 of its levels.

You collected 222 gold pieces.


Innate Abilities, Weirdness & Mutations

You are immune to sickness and miasma.
Your stone body is resilient. (AC +4)
You are immune to poison.
You resist negative energy. (rN+)
You are resistant to electric shocks. (rElec)
You are resistant to unholy torment.
You are immune to petrification.


   Skills:
 + Level 4.6 Fighting
 - Level 7.0 Axes
 - Level 1.0 Throwing
 - Level 3.2 Armour
 - Level 1.4 Dodging
 - Level 3.2 Shields


You had 6 spell levels left.
You didn't know any spells.
Your spell library was empty.

Inventory:

Hand Weapons
 o - a +3 morningstar
 Y - a +1 war axe (weapon)
Armour
 b - a +0 cloak (worn)
 c - a +0 buckler (worn)
 e - a +0 pair of boots (worn)
 f - a +0 chain mail (worn)
 m - a +2 helmet (worn)
Jewellery
 q - the amulet "Imumpuum" (around neck) {Acrobat -Cast Rampage rN+}
   (You acquired it on level 4 of the Dungeon)

   [amulet of the acrobat]

   It increases your evasion while moving and waiting.
   rN:        It protects you from negative energy.
   -Cast:     It prevents spellcasting.
   Rampage:   It bestows one free step when moving towards enemies.
Scrolls
 l - a scroll of identify
Potions
 d - 2 potions of might
 g - 2 potions of curing
 i - 2 potions of heal wounds
 j - a potion of haste {unknown}
 n - a potion of flight {unknown}

Dungeon Overview and Level Annotations

Branches:
Dungeon (7/15)
 Temple: D:4-7

Altars:
Ashenzari
Sif Muna

Shops:
D:1 (

Annotations:
D:7 1 transporter


Message History

The howler monkey is heavily wounded.
The howler monkey hits you but does no damage. x2
You hit the howler monkey.
The howler monkey is severely wounded.
The howler monkey hits you.
You closely miss the howler monkey.
The howler monkey is severely wounded.
The howler monkey barely misses you.
You barely miss the howler monkey.
The howler monkey is severely wounded.
The howler monkey hits you. The howler monkey closely misses you.
You hit the howler monkey.
The howler monkey is severely wounded.
The howler monkey barely misses you.
You hit the howler monkey.
The howler monkey is almost dead.
You slash the ogre!
The howler monkey hoots and howls with incredible vigour!
The ogre hits you with a +0 giant club!
The howler monkey hits you but does no damage.
You hear a shout! x6
You hit the howler monkey.
You kill the howler monkey!
You completely miss the ogre. The ogre closely misses you.
Your Axes skill increases to level 7!
You slash the ogre!
The ogre is heavily wounded.
The ogre hits you with a +0 giant club!
You closely miss the ogre.
The ogre is heavily wounded.
You hit the ogre.
The ogre is severely wounded.
The ogre hits you with a +0 giant club!
A gnoll comes into view. It is wielding a +0 flail.
You barely miss the ogre.
The ogre is severely wounded.
The gnoll shouts!
You hear a shout!
The ogre hits you with a +0 giant club!!
You die...

.............. .
........g.....####.
##............#.#.#.
+.............#.....
#.............#....#
#.........(..<..#..#
#+###.........(....###..
#..............##...##..
###.<..@%...... #..##...
#.....O...... ##.#....
#.....####.?.. ###..##
###.### # ... #### ###
#.


You could see an ogre and a gnoll.

Vanquished Creatures
  2 black bears
  A kobold brigand (D:6)
  A scorpion (D:4)
  3 wights (D:5)
  A howler monkey (D:5)
  Robin (D:4)
  5 gnolls
  5 adders
  A white imp (D:6)
  An ufetubus (D:6)
  2 worms
  3 dart slugs
  3 orcs
  13 ball pythons
  10 endoplasms
  2 giant cockroaches
  21 goblins
  11 hobgoblins
  10 jackals
  5 quokkas
  5 bats
  8 frilled lizards
  14 kobolds
  6 rats
134 creatures vanquished.

Vanquished Creatures (others)
  3 plants
3 creatures vanquished.

Grand Total: 137 creatures vanquished

Notes
Turn   | Place    | Note
-------+----------+-------------------------------------------
     0 | D:1      | qw the Gargoyle Fighter began the quest for the Orb.
     0 | D:1      | Reached XP level 1. HP: 14/14 MP: 1/1
     0 | D:1      | 0 ||| qw: Version: 0.2-a-12-gaebbb33
     0 | D:1      | 0 ||| qw: Game counter: 848
     0 | D:1      | 0 ||| qw: Always use a shield: true
     0 | D:1      | 0 ||| qw: God list: Okawaru
     0 | D:1      | 0 ||| qw: Allow faded altars: false
     0 | D:1      | 0 ||| qw: Do Orc after D:15 true
     0 | D:1      | 0 ||| qw: Do second Lair branch before Depths: true
     0 | D:1      | 0 ||| qw: Lair rune preference: random
     0 | D:1      | 0 ||| qw: Plans: Normal, Zot:1-4, God:TSO, Crypt, Tomb,
                  | Pan, Slime:5, Hells, Abyss, Orb
     0 | D:1      | 0 ||| PLANNING D:1-11
    33 | D:1      | Reached skill level 2 in Axes
    69 | D:1      | Found Miwkof's Antique Weapon Shop.
    76 | D:1      | 76 ||| SHOPLISTING mace (66 gold, have 11).
    91 | D:1      | Reached XP level 2. HP: 19/19 MP: 2/2
   338 | D:1      | 338 ||| Stepping ~*~*~tactically~*~*~ (stealth).
   346 | D:1      | 346 ||| Stepping ~*~*~tactically~*~*~ (stealth).
   348 | D:1      | 348 ||| Stepping ~*~*~tactically~*~*~ (stealth).
   566 | D:1      | 566 ||| DROPPING +1 hand axe of draining.
   703 | D:1      | Reached skill level 3 in Axes
   710 | D:1      | Reached XP level 3. HP: 23/23 MP: 3/3
   960 | D:1      | 960 ||| READING 3 scrolls labelled EVVOUB GAW.
   961 | D:1      | 961 ||| READING scroll labelled GAONWEWKEIV.
   962 | D:1      | 962 ||| READING scroll labelled JEFEWN REIBASS.
   963 | D:1      | 963 ||| READING scroll labelled GUV CALEIKUGG.
   964 | D:1      | 964 ||| READING scroll labelled JOECHU XEXAO.
   965 | D:1      | 965 ||| DROPPING 2 scrolls of vulnerability.
   997 | D:2      | 997 ||| DROPPING +0 club.
  1000 | D:2      | 1000 ||| Stepping ~*~*~tactically~*~*~ (hiding).
  1001 | D:2      | 1001 ||| Stepping ~*~*~tactically~*~*~ (hiding).
  1205 | D:2      | 1205 ||| Stepping ~*~*~tactically~*~*~ (stealth).
  1420 | D:2      | 1420 ||| Stepping ~*~*~tactically~*~*~ (stealth).
  1427 | D:2      | Reached XP level 4. HP: 27/28 MP: 4/4
  1562 | D:2      | 1562 ||| Stepping ~*~*~tactically~*~*~ (water).
  1565 | D:2      | Reached skill level 4 in Axes
  1567 | D:2      | Found a faded altar of an unknown god.
  1872 | D:2      | 1872 ||| UPGRADING to +0 pair of boots.
  1877 | D:2      | 1877 ||| READING scroll labelled BUBREVV CEAXORCH.
  1925 | D:2      | 1925 ||| READING scroll labelled LILOPN LU PUG.
  1930 | D:2      | 1930 ||| DRINKING 3 smoky pink potions.
  1964 | D:3      | 1964 ||| STAIRDANCE
  2102 | D:3      | 2102 ||| STAIRDANCE
  2120 | D:3      | HP: 6/28 [gnoll/+0 spear (3)]
  2127 | D:3      | HP: 5/28 [gnoll/+0 spear (1)]
  2145 | D:3      | 2145 ||| FLEEEEING.
  2146 | D:3      | 2146 ||| STAIRDANCE
  2387 | D:3      | Reached XP level 5. HP: 29/32 MP: 5/5
  2631 | D:3      | Found a shimmering blue altar of Sif Muna.
  2828 | D:3      | Noticed a black bear
  2840 | D:3      | Found a broken altar of Ashenzari.
  3066 | D:3      | 3066 ||| Stepping ~*~*~tactically~*~*~ (stealth).
  3067 | D:3      | 3067 ||| Stepping ~*~*~tactically~*~*~ (stealth).
  3075 | D:3      | 3075 ||| Stepping ~*~*~tactically~*~*~ (stealth).
  3079 | D:3      | 3079 ||| Stepping ~*~*~tactically~*~*~ (stealth).
  3095 | D:3      | Reached skill level 5 in Axes
  3118 | D:3      | 3118 ||| Stepping ~*~*~tactically~*~*~ (stealth).
  3199 | D:3      | Killed a black bear
  3200 | D:3      | Reached XP level 6. HP: 32/39 MP: 6/6
  3322 | D:3      | 3322 ||| UPGRADING to +0 chain mail.
  3332 | D:3      | 3332 ||| DROPPING +0 scale mail.
  3333 | D:3      | 3333 ||| READING scroll labelled HISIMOJOIM.
  3334 | D:3      | 3334 ||| READING scroll labelled VERROU IDITOQA.
  3335 | D:3      | 3335 ||| READING scroll labelled EMOZAE DUZAFF.
  3336 | D:3      | 3336 ||| DRINKING 3 viscous blue potions.
  3378 | D:4      | 3378 ||| Stepping ~*~*~tactically~*~*~ (stealth).
  3441 | D:4      | Noticed Robin
  3442 | D:4      | 3442 ||| Stepping ~*~*~tactically~*~*~ (hiding).
  3457 | D:4      | Killed Robin
  3620 | D:4      | You fall into a shaft and drop 3 floors!
  3620 | D:7      | Found a transporter.
  3621 | D:7      | 3621 ||| UPGRADING to +0 cloak.
  3626 | D:7      | 3626 ||| UPGRADING to +2 helmet.
  3671 | D:6      | 3671 ||| Stepping ~*~*~tactically~*~*~ (hiding).
  3789 | D:6      | Noticed a black bear
  3800 | D:6      | Killed a black bear
  3801 | D:6      | Reached skill level 6 in Axes
  3801 | D:6      | Reached XP level 7. HP: 19/44 MP: 7/7
  3997 | D:6      | Reached skill level 1 in Dodging
  3999 | D:6      | 3999 ||| Stepping ~*~*~tactically~*~*~ (stealth).
  4011 | D:6      | 4011 ||| READING scroll labelled JEXTAN CUBBEJIJ.
  4012 | D:6      | 4012 ||| READING scroll labelled XAWUKA POHANYMOBB.
  4020 | D:5      | Entered Level 5 of the Dungeon
  4252 | D:5      | 4252 ||| DROPPING +0 whip.
  4261 | D:5      | 4261 ||| Stepping ~*~*~tactically~*~*~ (stealth).
  4262 | D:5      | 4262 ||| Stepping ~*~*~tactically~*~*~ (stealth).
  4263 | D:5      | 4263 ||| Stepping ~*~*~tactically~*~*~ (stealth).
  4299 | D:5      | 4299 ||| FLEEEEING.
  4300 | D:5      | 4300 ||| STAIRDANCE
  4462 | D:4      | 4462 ||| Stepping ~*~*~tactically~*~*~ (stealth).
  4463 | D:4      | 4463 ||| Stepping ~*~*~tactically~*~*~ (stealth).
  4464 | D:4      | 4464 ||| Stepping ~*~*~tactically~*~*~ (stealth).
  4569 | D:4      | 4569 ||| Stepping ~*~*~tactically~*~*~ (stealth).
  4631 | D:4      | 4631 ||| Stepping ~*~*~tactically~*~*~ (stealth).
  4659 | D:4      | 4659 ||| Stepping ~*~*~tactically~*~*~ (stealth).
  4661 | D:4      | 4661 ||| Stepping ~*~*~tactically~*~*~ (hiding).
  4665 | D:4      | Reached skill level 1 in Throwing
  4779 | D:4      | 4779 ||| Stepping ~*~*~tactically~*~*~ (stealth).
  4780 | D:4      | 4780 ||| Stepping ~*~*~tactically~*~*~ (stealth).
  4781 | D:4      | 4781 ||| Stepping ~*~*~tactically~*~*~ (stealth).
  4782 | D:4      | 4782 ||| Stepping ~*~*~tactically~*~*~ (stealth).
  4950 | D:4      | 4950 ||| READING scroll labelled UHI UNAM AKEE.
  4950 | D:4      | Identified a scroll of acquirement
  4950 | D:4      | 4950 ||| ACQUIRING amulet "Imumpuum" {Acrobat -Cast Rampage
                  | rN+}
  4950 | D:4      | Acquired the amulet "Imumpuum" {Acrobat -Cast Rampage rN+}
  4952 | D:4      | 4952 ||| UPGRADING to amulet "Imumpuum" {Acrobat -Cast
                  | Rampage rN+}.
  4957 | D:4      | 4957 ||| DRINKING 3 fizzy ruby potions.
  4958 | D:4      | 4958 ||| DRINKING 2 bubbling dark potions.
  4959 | D:4      | 4959 ||| READING 2 scrolls of identify.
  4959 | D:4      | 4959 ||| IDENTIFYING metallic clear potion
  4960 | D:4      | 4960 ||| DROPPING potion of magic.
  4961 | D:4      | 4961 ||| DROPPING 2 potions of degeneration.
  4962 | D:4      | 4962 ||| DROPPING potion of brilliance.
  5024 | D:5      | Reached skill level 7 in Axes
  5027 | D:5      | Mangled by an ogre

Levels and vault maps discovered:
D:1:      heliophobic_arrival_battle_scene, layout_basic, serial_shops,
          nicolae_square_shop
D:2:      minmay_spotlight, layout_loops_ring,
          shapermc_ecumenical_altar_hornbeckon
D:3:      minmay_diamond_boxcup, layout_loops_ring, nicolae_ashenzari_skybound,
          nicolae_sif_muna_condensation, nicolae_grassy_gnolls
D:4:      minmay_angry_zag, layout_loops_ring, kennysheep_generic_room_4,
          uniq_robin
D:5:      layout_cave_pools, kennysheep_little_box,
          nicolae_dithmenos_shadow_blocks, nemelex_diamond_rough_becter,
          uniq_menkaure, uniq_pikel
D:6:      layout_basic
D:7:      layout_rooms, minmay_temple_entry_grid, gammafunk_ghost_arena

Skill      XL: |  1  2  3  4  5  6  7 |
---------------+----------------------+-----
Axes           | 2 3 4 5 6 7 |  7.0
Fighting       | 4 |  4.6
Dodging        | 1 |  1.4
Throwing       | 1 |  1.0
Armour         | |  3.2
Shields        | |  3.2

Action                   |  1- 3 |  4- 6 |  7- 9 || total
-------------------------+-------+-------+-------++-------
Melee: War axe           |   110 |   162 |    89 ||   361
Throw: Javelin           |       |       |    24 ||    24
  Use: Scroll            |     5 |     5 |     4 ||    14
       Potion            |       |     2 |     2 ||     4
 Stab: Distracted        |       |     1 |       ||     1
Armor: Scale mail        |    60 |    54 |       ||   114
       Chain mail        |       |    43 |    52 ||    95
Dodge: Dodged            |    43 |    80 |    33 ||   156
Block: Buckler           |    21 |    35 |     8 ||    64

Table legend:
 A = Non-vault XP
 B = Vault XP
 C = Vault XP percentage of total XP
 D = Non-vault monster count
 E = Vault monster count
 F = Vault count percentage of total count
                 A         B        C        D         E       F
            +---------+---------+-------+---------+---------+-------
      Total |     917 |     162 |  15.0 |      99 |      35 |  26.1
            +---------+---------+-------+---------+---------+-------
        D:1 |      39 |       0 |   0.0 |      22 |       0 |   0.0
        D:2 |      49 |      31 |  38.8 |      24 |       5 |  17.2
        D:3 |     167 |      66 |  28.3 |      18 |      12 |  40.0
        D:4 |     127 |      65 |  33.9 |      19 |      18 |  48.6
        D:5 |     281 |       0 |   0.0 |       8 |       0 |   0.0
        D:6 |     254 |       0 |   0.0 |       8 |       0 |   0.0
            +---------+---------+-------+---------+---------+-------
